 Dungeon Crawl Stone Soup version 0.28.0-45-g0d030f2227 (webtiles) character file.

Game seed: 9154620060430428157

935 bobregger the Basher (level 8, -2/78 HPs)
             Began as an Ogre Berserker on Apr 24, 2022.
             Was a Believer of Trog.
             Slain by a gnoll sergeant
             ... wielding a +0 spear
              (7 damage)
             ... on level 5 of the Dungeon.
             The game lasted 00:07:53 (6875 turns).

bobregger the Basher (Ogre Berserker)               Turns: 6875, Time: 00:07:54

Health: -2/78      AC:  3    Str: 24    XL:     8   Next: 11%
Magic:  8/8        EV:  5    Int:  8    God:    Trog [**....]
Gold:   250        SH:  0    Dex:  8    Spells: 7/7 levels left

rFire   . . .      SeeInvis .   a - +0 mace
rCold   . . .      Faith    .   (no shield)
rNeg    . . .      Spirit   .   b - +0 animal skin
rPois   +          Reflect  .   (helmet restricted)
rElec   .          Harm     .   (no cloak)
rCorr   .          Rampage  .   (gloves unavailable)
Will    ++...                   (boots unavailable)
Stlth   +.........              (no amulet)
HPRegen 1.23/turn               v - ring of poison resistance
MPRegen 0.11/turn               (no ring)

@: strong-willed (expiring), held, regenerating (expiring), invisible
A: large, unfitting armour, tough skin 1
a: Renounce Religion, Berserk, Trog's Hand


You were on level 5 of the Dungeon.
You worshipped Trog.
Trog was pleased with you.
You visited 1 branch of the dungeon, and saw 5 of its levels.

You collected 250 gold pieces.

Inventory:

Hand Weapons
 a - a +0 mace (weapon)
Armour
 b - a +0 animal skin (worn)
Jewellery
 v - a ring of poison resistance (left hand)
Wands
 m - a wand of polymorph (10)
 n - a wand of digging (7)
Scrolls
 d - 2 scrolls of fear {unknown}
 e - 6 scrolls of identify {unknown}
 f - a scroll of enchant armour {unknown}
 g - 2 scrolls of noise {unknown}
 j - 5 scrolls of vulnerability {unknown}
 l - a scroll of fog {unknown}
 p - a scroll of summoning {unknown}
 q - a scroll of teleportation {unknown}
 u - a scroll of amnesia {unknown}
Potions
 c - a potion of invisibility
 h - 2 potions of curing {unknown}
 i - a potion of flight {unknown}
 k - a potion of ambrosia {unknown}
 o - a potion of mutation {unknown}
 r - 2 potions of lignification {unknown}
 s - a potion of brilliance {unknown}
 t - a potion of berserk rage {unknown}


   Skills:
 - Level 4.0 Fighting
 + Level 8.8 Maces & Flails
 - Level 2.6 Dodging


You had 7 spell levels left.
You didn't know any spells.
Your spell library was empty.

Dungeon Overview and Level Annotations

Branches:
Dungeon (5/15)
 Temple: D:4-7

Altars:
Elyvilon
Fedhas
Vehumet
Wu Jian

Shops:
D:2 (   D:3 :


Innate Abilities, Weirdness & Mutations

You are too large for most types of armour.
You have tough skin. (AC +1)


Message History

You thump something! Something hits you!
A gnoll comes into view. It is wielding a +0 spear.
Something hits you.
There are monsters nearby!
There are monsters nearby!
Something hits you! Something hits you. Something hits you. Something hits you!
Something hits you.
* * * LOW HITPOINT WARNING * * *
An orc comes into view. It is wielding a +0 club.
The orc shouts!
Something hits you.
* * * LOW HITPOINT WARNING * * *
Something hits you!
* * * LOW HITPOINT WARNING * * *
Your skin crawls.
You feel strong-willed. Something hits you.
* * * LOW HITPOINT WARNING * * *
A gnoll comes into view. It is wielding a +0 club.
Something hits you but does no damage. Something hits you.
* * * LOW HITPOINT WARNING * * *
The gnoll throws a throwing net.
The throwing net hits you.
You become entangled in the net!
You see here a throwing net.
You tear a large gash into the net.
Something hits you!
* * * LOW HITPOINT WARNING * * *
A gnoll comes into view. It is wielding a +0 spear.
You struggle against the net.
The gnoll shouts!
Something hits you but does no damage. The gnoll sergeant barely misses you.
It was a potion of invisibility.
You fade into invisibility!
You feel the effects of Trog's Hand fading.
Something hits you.
* * * LOW HITPOINT WARNING * * *
The gnoll sergeant hits you from afar with a +0 spear!
You die...

......#.#.. .
#.)........ .###
#..........
...###.............
#..##....g.....g..
#.##..........g..
#...........#.#.#
##..#g...........#
#..@g#...###.#.#.#
#<##.............!
#รท##o.#...........
#)###..##.........
#)##...####.#.....
##....#.####.....#.
#..........#..#..#
#.....#.#....#.#.......
##....#...##........$#.


You could see a gnoll sergeant, 2 gnolls and an orc.

Vanquished Creatures
  3 yaks
  A necrophage (D:4)
  A scorpion (D:4)
  An orc priest (D:5)
  A jelly (D:4)
  Ijyb (D:3)
  Natasha (twice) (D:3)
  An orc wizard (D:4)
  A hound skeleton (D:4)
  3 gnolls (D:2)
  6 adders
  An ufetubus (D:4)
  A worm (D:2)
  2 dart slugs
  9 orcs
  4 ball pythons
  7 endoplasms
  2 giant cockroaches (D:1)
  9 goblins
  8 hobgoblins
  3 jackals (D:3)
  5 kobolds
  7 bats
  3 frilled lizards
  7 rats
89 creatures vanquished.

Vanquished Creatures (others)
  A quokka (D:3)
1 creature vanquished.

Grand Total: 90 creatures vanquished

Notes
Turn   | Place    | Note
-------+----------+-------------------------------------------
     0 | D:1      | bobregger the Ogre Berserker began the quest for the Orb.
     0 | D:1      | Reached XP level 1. HP: 24/24 MP: 1/1
   201 | D:1      | Reached skill level 3 in Maces & Flails
   305 | D:1      | Reached XP level 2. HP: 31/32 MP: 2/2
   777 | D:1      | Found a faded altar of an unknown god.
  1147 | D:2      | Reached XP level 3. HP: 39/39 MP: 3/3
  1234 | D:2      | Reached skill level 4 in Maces & Flails
  1832 | D:2      | Reached XP level 4. HP: 48/48 MP: 4/4
  2329 | D:2      | Found Giczief's Antique Weapon Shop.
  2766 | D:2      | Found a blossoming altar of Fedhas.
  2837 | D:3      | Reached skill level 5 in Maces & Flails
  2860 | D:3      | Reached XP level 5. HP: 47/54 MP: 5/5
  3019 | D:3      | Reached ** piety under Trog
  3087 | D:3      | Found an ornate altar of the Wu Jian Council.
  3167 | D:3      | Found Uplianov's Book Boutique.
  3178 | D:3      | Noticed Ijyb
  3186 | D:3      | Killed Ijyb
  3415 | D:3      | Found a white marble altar of Elyvilon.
  3763 | D:3      | Noticed Natasha
  3770 | D:3      | Killed Natasha
  4118 | D:3      | Noticed Natasha
  4130 | D:3      | Killed Natasha
  4131 | D:3      | Reached XP level 6. HP: 47/62 MP: 6/6
  4521 | D:4      | Reached skill level 6 in Maces & Flails
  5201 | D:4      | Found a radiant altar of Vehumet.
  5952 | D:5      | Entered Level 5 of the Dungeon
  6063 | D:5      | Noticed a yak
  6063 | D:5      | Noticed a yak
  6064 | D:5      | Noticed a yak
  6091 | D:4      | Killed a yak
  6092 | D:4      | Reached skill level 7 in Maces & Flails
  6092 | D:4      | Reached XP level 7. HP: 69/70 MP: 7/7
  6204 | D:4      | Killed a yak
  6205 | D:4      | Reached skill level 8 in Maces & Flails
  6444 | D:5      | Killed a yak
  6445 | D:5      | Reached XP level 8. HP: 66/78 MP: 8/8
  6873 | D:5      | HP: 3/78 [something (7)]
  6875 | D:5      | Slain by a gnoll sergeant

Illustrated notes

Levels and vault maps discovered:
D:1:      matt_arrival_spirals, layout_basic,
          hellmonk_ecumenical_altar_slurped_away,
          hangedman_abyss_or_decor_lesser_grid, amcnicky_mini_pool_small
D:2:      layout_rooms, basic_altar, serial_shops, shop, minmay_misc_feat_alley,
          grunt_decor_one_mirror, minmay_misc_feat_x, st_stairs_1
D:3:      layout_loops_ring, elyvilon_altar_4, nzn_wu_jian_contemplation,
          serial_shops, nicolae_square_shop, kennysheep_cross_bottleneck,
          kennysheep_pointless_box, hex_medium, uniq_ijyb, uniq_natasha
D:4:      layout_gridville, amcnicky_altar_gilded
D:5:      layout_rooms, serial_glass, glass_columns_a, glass_columns_a,
          glass_columns_a, glass_columns_a, glass_columns_a, glass_columns_b,
          glass_columns_a, glass_columns_a, glass_columns_a, glass_columns_c,
          glass_columns_a, glass_columns_a, glass_columns_a, glass_columns_a

Skill      XL: |  1  2  3  4  5  6  7 |
---------------+----------------------+-----
Maces & Flails | 3 4 5 7 8 |  8.8
Fighting       | |  4.0
Dodging        | |  2.6

Action                   |  1- 3 |  4- 6 |  7- 9 || total
-------------------------+-------+-------+-------++-------
Melee: Mace              |    82 |   199 |    26 ||   307
       Punch             |     1 |     2 |     2 ||     5
Invok: Berserk           |     4 |     9 |     3 ||    16
       Trog's Hand       |       |       |     1 ||     1
  Use: Potion            |       |       |     1 ||     1
Armor: Animal skin       |    51 |    74 |     3 ||   128
Dodge: Dodged            |    53 |    94 |     8 ||   155
